 Dungeon Crawl Stone Soup version 0.31-a0-977-gc230f8ef24 (webtiles) character file.

Game seed: 9071838894798592898

490 Ofeo the Slasher (level 7, 34/49 HPs)
             Began as a Djinni Warper on Oct 29, 2023.
             Quit the game on level 4 of the Dungeon.
             The game lasted 00:06:02 (4624 turns).

Ofeo the Slasher (Djinni Warper)                    Turns: 4624, Time: 00:06:02

Health: 34/49      AC:  4    Str: 10    XL:     7   Next: 37%
Gold:   274        EV: 12    Int: 20    God:
                   SH:  0    Dex: 15

rFire   + + .        z - +2 short sword (venom)
rCold   . . .        (no shield)
rNeg    . . .        j - +0 leather armour
rPois   ∞            t - +0 helmet
rElec   .            (no cloak)
rCorr   .            (no gloves)
SInv    .            (boots unavailable)
Will    .....        (no amulet)
Stlth   +            h - ring of protection from cold
HPRegen 0.28/turn    e - +6 ring of intelligence
MPRegen 0.00/turn

%: no passive effects
@: flying, hasted, very quick
A: sickness immunity, fire resistance 2, cold vulnerability 1, float, innate
caster, HP casting, extra vitality 1
a: no special abilities


You were on level 4 of the Dungeon.
You visited 1 branch of the dungeon, and saw 4 of its levels.
You also visited: Sewer.

You collected 274 gold pieces.

Inventory:

Hand Weapons
 a - a +0 falchion
 b - a +0 sling of flaming
 z - a +2 short sword of venom (weapon)
Missiles
 d - 7 darts of dispersal (quivered)
 f - 39 poisoned darts
 x - a throwing net
Armour
 j - a +0 leather armour (worn)
 s - a +0 ring mail of fire resistance
 t - a +0 helmet (worn)
Jewellery
 e - a +6 ring of intelligence (right hand)
 h - a ring of protection from cold (left hand)
Wands
 o - a wand of flame (7)
Scrolls
 c - 3 scrolls of blinking {@r4}
 i - a scroll of identify {@r1}
 k - a scroll of teleportation {@r3}
 y - 2 scrolls of fog {unknown}
Potions
 g - 2 potions of heal wounds {unknown}
 l - a potion of attraction
 m - a potion of might {@q4}
 n - a potion of brilliance {unknown}
 p - 2 potions of curing {unknown}
 q - a potion of magic {unknown}
 r - a potion of resistance {@q6}
 u - a potion of enlightenment {unknown}
 v - a potion of mutation {unknown}
 w - 3 potions of invisibility {unknown}
 A - 3 potions of haste {unknown}


   Skills:
 - Level 2.9 Fighting
 + Level 6.3 Long Blades
 - Level 1.0 Throwing
 - Level 1.3 Armour
 - Level 2.4 Dodging
 - Level 2.9 Spellcasting
 - Level 2.9 Conjurations
 - Level 2.9 Hexes
 - Level 2.9 Summonings
 - Level 2.9 Necromancy
 - Level 2.9 Translocations
 - Level 2.9 Transmutations
 - Level 2.9 Fire Magic
 - Level 2.9 Ice Magic
 - Level 2.9 Air Magic
 - Level 2.9 Earth Magic
 - Level 2.9 Poison Magic


You knew the following spells:

 Your Spells              Type           Power      Damage    Failure   Level
a - Blink                 Tloc           28%        N/A       9%          2
b - Lesser Beckoning      Tloc           28%        N/A       9%          2
c - Teleport Other        Tloc           14%        N/A       17%         3
d - Manifold Assault      Tloc           14%        N/A       50%         4
e - Vhi's Electric Charg  Tloc/Air       28%        N/A       50%         4
f - Necrotise             Necr           56%        1d6       6%          1
g - Poisonous Vapours     Pois/Air       28%        N/A       9%          2
h - Vampiric Draining     Necr           14%        2d7       17%         3
Your spell library was empty.

Dungeon Overview and Level Annotations

Branches:
Dungeon (4/15)             Temple (0/1) D:4           Sewer (visited)

Altars:
Cheibriados
Xom

Shops:
D:2 (   D:3 (


Innate Abilities, Weirdness & Mutations

You are immune to sickness and miasma.
You are immune to poison.
Your flesh is very heat resistant. (rF++)
You are vulnerable to cold. (rC-)
You float through the air rather than walking.
You learn spells naturally, not from books.
Your magical power is your life essence.
You have superior vitality. (+4 MHP)


Message History

You hit the crimson imp.
The crimson imp is moderately wounded.
You hit the crimson imp but do no damage.
The crimson imp is moderately wounded.
The crimson imp hits you but does no damage.
The crimson imp lashes its tail.
You barely miss the crimson imp.
The crimson imp is lightly wounded.
The crimson imp hits you but does no damage.
The crimson imp barely misses you.
The crimson imp hits you with a +3 dagger of chaos!
You feel yourself speed up.
You take 7 damage, and have 42/49 hp.
You miss the crimson imp.
The crimson imp is lightly wounded.
The crimson imp puffs mist at you.
The crimson imp hits you. x2; The crimson imp barely misses you.
You take 5 damage, and have 37/49 hp.
You miss the crimson imp.
You hit the crimson imp but do no damage.
The crimson imp lashes its tail.
The crimson imp blinks!
The crimson imp hits you. The crimson imp barely misses you.
You take 3 damage, and have 34/49 hp.
There are monsters nearby!
There are monsters nearby!
Press: ? - help, v - describe, . - travel
Here: a crimson imp, wielding a +3 dagger of chaos The floor.
Unknown command.
The crimson imp blinks!
The crimson imp attacks as it pursues you!
The crimson imp hits you.
Saving game... please wait.
Welcome back, Ofeo the Djinni Warper.
Press ? for a list of commands and other information.
Okay, then.
Cast which spell? (? or * to list)
Okay, then.
Are you sure you want to abandon this character and quit the game? (Confirm with "yes".)

.......................
.######################
.#####################
.#...................#
.....).......#######.#
.............# #.#
...>>........# #.#
.............#######.#######.
............J55.@............
.............#######.########
.............# #.#
..>..........# #.# .
...####)### ### #.# . ...
#.###.# . #§_.# #.....# .
....^ #.##### . ###'### #.#


You could see 2 crimson imps and an endoplasm.

Vanquished Creatures
  3 kobold brigands (Sewer)
  A scorpion (D:4)
  A hound (D:4)
  An iguana (D:4)
  6 adders
  A gnoll (D:1)
  A river rat (D:4)
  2 worms
  2 dart slugs
  An orc (D:4)
  3 bats
  12 endoplasms
  7 giant cockroaches
  5 hobgoblins
  2 quokkas (D:3)
  9 ball pythons
  3 frilled lizards
  9 goblins
  23 kobolds
  9 rats
101 creatures vanquished.

Notes
Turn   | Place    | Note
-------+----------+-------------------------------------------
     0 | D:1      | Ofeo the Djinni Warper began the quest for the Orb.
     0 | D:1      | Ofeo set off with the following spells memorised: Blink,
                  | Lesser Beckoning, Teleport Other, Manifold Assault, Vhi's
                  | Electric Charge.
     0 | D:1      | Reached XP level 1. HP: 18/18 MP: 0/0
   295 | D:1      | Reached XP level 2. HP: 20/23 MP: 0/0
   630 | D:1      | Reached skill level 2 in Long Blades
   630 | D:1      | Reached skill level 1 in Throwing
   630 | D:1      | Reached XP level 3. HP: 23/28 MP: 0/0
   630 | D:1      | Learned a level 1 spell: Necrotise
  1253 | D:2      | Found a faded altar of an unknown god.
  1297 | D:2      | Found Tiegguug's Weapon Shoppe.
  1547 | D:3      | Reached XP level 4. HP: 30/34 MP: 0/0
  2005 | D:3      | Found a snail-covered altar of Cheibriados.
  2332 | D:3      | Found Dol Bowkoib's Weapon Emporium.
  2787 | D:4      | Reached skill level 3 in Long Blades
  2847 | D:4      | Found a glowing drain.
  2882 | Sewer    | Entered a sewer
  3097 | Sewer    | Reached XP level 5. HP: 34/40 MP: 0/0
  3097 | Sewer    | Learned a level 2 spell: Poisonous Vapours
  3131 | Sewer    | Noticed a kobold brigand
  3152 | Sewer    | Killed a kobold brigand
  3153 | Sewer    | Reached skill level 4 in Long Blades
  3336 | Sewer    | Noticed a kobold brigand
  3336 | Sewer    | Noticed a kobold brigand
  3353 | Sewer    | Killed a kobold brigand
  3354 | Sewer    | Reached XP level 6. HP: 30/45 MP: 0/0
  3357 | Sewer    | Reached skill level 5 in Long Blades
  3460 | D:4      | Reached XP level 7. HP: 37/49 MP: 0/0
  3460 | D:4      | Learned a level 3 spell: Vampiric Draining
  3809 | D:4      | Found a staircase to the Ecumenical Temple.
  4236 | D:4      | Reached skill level 6 in Long Blades
  4606 | D:4      | Found a shimmering altar of Xom.
  4624 | D:4      | Quit the game

Illustrated notes

Levels and vault maps discovered:
D:1:      minmay_arrival_diagonal_passages, layout_rooms, grunt_decor_resistance
D:2:      layout_rooms, hellmonk_ecumenical_altar_leap_of_faith, serial_shops,
          shop_fountains
D:3:      layout_loops_ring, mainiacjoe_overflow_boulevard, serial_shops, shop,
          minmay_starry_boxes
D:4:      layout_basic, led_xom_imps, minmay_temple_entry_enclosed_plants,
          portal_sewer_entry_a, minmay_increasing_density

Skill      XL: |  1  2  3  4  5  6  7 |
---------------+----------------------+-----
Long Blades    | 2 3 4 5 6 |  6.3
Throwing       | 1 |  1.0
Fighting       | |  2.9
Armour         | |  1.3
Dodging        | |  2.4
Spellcasting   | |  2.9
Conjurations   | |  2.9
Hexes          | |  2.9
Summonings     | |  2.9
Necromancy     | |  2.9
Translocations | |  2.9
Transmutations | |  2.9
Fire Magic     | |  2.9
Ice Magic      | |  2.9
Air Magic      | |  2.9
Earth Magic    | |  2.9
Poison Magic   | |  2.9

Action                     |  1- 3 |  4- 6 |  7- 9 || total
---------------------------+-------+-------+-------++-------
  Melee: Falchion          |   132 |   133 |    79 ||   344
         Short sword       |       |       |     9 ||     9
         Punch             |       |       |     4 ||     4
  Evoke: Wand              |       |     6 |       ||     6
    Use: Scroll            |     5 |     4 |       ||     9
 Armour: Leather armour    |    73 |    95 |    61 ||   229
  Dodge: Dodged            |    90 |   105 |    35 ||   230

Table legend: (Time is in decaauts)
 A = Elapsed time spent in this place.
 B = Non-inter-level travel time spent in this place.
 C = Inter-level travel time spent in this place.
 D = Time resting spent in this place.
 E = Time spent auto-exploring this place.
 F = Levels seen in this place.
 G = Mean time per level.
                   A        B        C        D        E       F      G
               +--------+--------+--------+--------+--------+-----+--------+
         Total |   4660 |   4557 |    103 |    351 |   3320 |   5 |  932.0 |
       Dungeon |   4086 |   3983 |    103 |    236 |   3066 |   4 | 1021.5 |
         Sewer |    574 |    574 |      0 |    115 |    254 |   1 |  574.0 |
               +--------+--------+--------+--------+--------+-----+--------+

Top non-repeatable levels by time:
     D:4: 1280 daAuts
     D:3: 1277 daAuts
     D:1: 863 daAuts
     D:2: 664 daAuts
   Sewer: 574 daAuts
